 Seeded DCSS version 0.26.1-11-gd32895ea62 (webtiles) character file.

Game seed: 20210717 (custom seed)

1209 Sopht the Ducker (level 8, -2/78 HPs)
             Began as a Troll Berserker on July 17, 2021.
             Was a Believer of Trog.
             Slain by Maggie
             ... wielding a +0 long sword
              (13 damage)
             ... on level 6 of the Dungeon.
             The game lasted 00:29:52 (4306 turns).

Sopht the Ducker (Troll Berserker)                  Turns: 4306, Time: 00:29:53

Health: -2/78      AC:  6    Str: 28    XL:     8   Next: 22%
Magic:  7/7        EV: 11    Int:  3    God:    Trog [**....]
Gold:   325        SH:  0    Dex:  9    Spells: 7/7 levels left

rFire    . . .     SeeInvis .   a - +4 quarterstaff (vorpal)
rCold    . . .     Faith    .   (shield currently unavailable)
rNeg     + . .     Spirit   .   m - +0 robe
rPois    .         Reflect  .   (helmet restricted)
rElec    .         Harm     .   (no cloak)
rCorr    .         Rampage  .   (gloves unavailable)
Will     ++...                  (boots unavailable)
Stlth    +.........             (no amulet)
HPRegen  1.63/turn              l - ring of positive energy
MPRegen  0.10/turn              (no ring)

@: mighty, regenerating
A: large, unfitting armour, claws 3, regeneration 1, shaggy fur 1, tough skin 3
a: Renounce Religion, Berserk, Trog's Hand


You were on level 6 of the Dungeon.
You worshipped Trog.
Trog was pleased with you.
You visited 1 branch of the dungeon, and saw 6 of its levels.

You collected 325 gold pieces.

Inventory:

Hand Weapons
 a - a +4 vorpal quarterstaff (weapon)
 f - a +1 vampiric short sword
 k - a +3 falchion of electrocution
 q - a +2 scythe of freezing
 C - the +5 whip of Premature Burial {vamp, Str+4, unknown}
   (You found it on level 5 of the Dungeon)

   It inflicts no extra harm, but heals its wielder when it wounds a living foe.
   It affects your strength (+4).
Missiles
 D - 3 boomerangs
Armour
 m - a +0 robe (worn)
 x - a +2 buckler
Jewellery
 l - a ring of positive energy (left claw)
 A - an uncursed ring of wizardry
Wands
 o - a wand of flame (9)
 t - a wand of paralysis (6)
 v - a wand of random effects (21)
Scrolls
 d - 2 scrolls of amnesia
 j - a scroll of remove curse
 n - 2 scrolls of magic mapping
 p - a scroll of blinking {unknown}
 s - a scroll of teleportation
 w - 2 scrolls of immolation
 y - a scroll of identify
Potions
 b - 3 potions of lignification
 c - 3 potions of attraction
 e - 3 potions of might
 g - 2 potions of magic
 h - a potion of curing {unknown}
 i - a potion of haste {unknown}
 r - a potion of degeneration {unknown}
 u - 5 potions of invisibility
 z - 2 potions of heal wounds {unknown}
 B - a potion of berserk rage {unknown}


   Skills:
 + Level 4.1 Fighting
 + Level 4.4 Long Blades
 + Level 1.5 Staves
 + Level 4.7 Dodging
 + Level 1.3 Stealth
 + Level 4.5 Unarmed Combat


You had 7 spell levels left.
You didn't know any spells.
Your spell library was empty.

Dungeon Overview and Level Annotations

Branches:
Dungeon (6/15)             Temple (0/1) D:6

Altars:
Cheibriados
Qazlal
The Shining One

Annotations:
D:6 Maggie


Innate Abilities, Weirdness & Mutations

You are too large for most types of armour.
You have claws for hands.
Your natural rate of healing is unusually fast.
You are covered in fur. (AC +1)
You have extremely tough skin. (AC +3)


Message History

Trog accepts your kill.
Maggie points at you and mumbles some strange words.
The bolt of fire misses you.
Your life force feels restored.
Your skin crawls.
You feel strong-willed.
You sock Maggie!
Maggie is moderately wounded.
You feel sick.
You are no longer poisoned.
Maggie hits you with a +0 long sword!
* * * LOW HITPOINT WARNING * * *
You barely miss Maggie.
Maggie is moderately wounded.
You recover from your berserk rage.
Maggie hits you but does no damage.
You hit Maggie.
Maggie is moderately wounded.
Maggie hits you with a +0 long sword!
You die...

..... ..... #.#
...... #.# ...(..
#.## z.....# #
...# .......## #.
##..# ...l...W# #.
#... #@# #..#..##
♣@♣ #### #....<.
♣♣.♣♣
...##.#.##.##
♣._.♣
...##........
♣♣.♣♣
........##.## ♣.♣
........ #.#.
#'###........##.#.
#.##.........##.#.
#............##.##
####..........#.#


You could see Maggie and a phantom.

Vanquished Creatures
  Grinder (D:4)
  Sigmund (D:4)
  An orc warrior (D:4)
  2 centaurs
  3 wights (D:6)
  2 hounds
  A centaur skeleton (D:4)
  An orc priest (D:4)
  An iguana (D:6)
  3 orc wizards (D:4)
  4 worker ants
  A hound skeleton (D:5)
  4 gnolls (D:5)
  An adder (D:4)
  A shadow imp (D:5)
  A white imp (D:5)
  2 worms (D:3)
  2 dart slugs (D:3)
  2 leopard geckos
  7 orcs
  2 bats (D:1)
  A giant cockroach (D:4)
  6 goblins
  8 hobgoblins
  6 jackals
  5 kobolds
  4 quokkas
  4 frilled lizards
  A jackal skeleton (D:4)
  A leopard gecko skeleton (D:4)
  8 rats
87 creatures vanquished.

Notes
Turn   | Place    | Note
-------+----------+-------------------------------------------
     0 | D:1      | Sopht the Troll Berserker began the quest for the Orb.
     0 | D:1      | Reached XP level 1. HP: 22/22 MP: 0/0
   313 | D:1      | Reached XP level 2. HP: 29/29 MP: 1/1
  1235 | D:2      | Reached XP level 3. HP: 36/36 MP: 2/2
  1780 | D:3      | Reached ** piety under Trog
  1781 | D:3      | Reached XP level 4. HP: 39/44 MP: 3/3
  2456 | D:3      | Found a snail-covered altar of Cheibriados.
  2739 | D:4      | Noticed Sigmund
  2748 | D:4      | Killed Sigmund
  2749 | D:4      | Reached skill level 1 in Long Blades
  2749 | D:4      | Reached XP level 5. HP: 53/53 MP: 4/4
  2787 | D:4      | Reached XP level 6. HP: 61/61 MP: 5/5
  3181 | D:4      | Noticed Grinder
  3196 | D:4      | Paralysed by Grinder for 4 turns
  3206 | D:4      | Killed Grinder
  3207 | D:4      | Reached XP level 7. HP: 62/67 MP: 6/6
  3271 | D:4      | Reached skill level 1 in Stealth
  3544 | D:5      | Entered Level 5 of the Dungeon
  3784 | D:5      | Found a glowing golden altar of the Shining One.
  3844 | D:5      | Got a polished whip
  4161 | D:6      | Reached XP level 8. HP: 59/78 MP: 7/7
  4188 | D:6      | Found a staircase to the Ecumenical Temple.
  4264 | D:6      | Found a stormy altar of Qazlal.
  4272 | D:6      | Noticed Maggie
  4298 | D:6      | Reached skill level 1 in Staves
  4306 | D:6      | Slain by Maggie

Illustrated notes

Levels and vault maps discovered:
D:1:      kilobyte_arrival_exit_the_forest, layout_loops_cross, serial_rivers,
          chequers_serial_rivers_room_a, chequers_serial_rivers_micro_e,
          chequers_serial_rivers_room_a, chequers_serial_rivers_micro_e,
          chequers_serial_rivers_micro_d, nrook_campfire
D:2:      layout_basic, corexii_item_surrounded_by_moat
D:3:      layout_loops_cross, kennysheep_slug_shrine
D:4:      minmay_clustersquares, layout_cave_pools,
          minmay_misc_feat_more_columns, uniq_sigmund, uniq_grinder
D:5:      layout_gridville, nicolae_tso_carved_into_rock
D:6:      minmay_bubble_buster, layout_basic, kennysheep_little_box,
          grunt_temple_overflow_open, minmay_temple_entry_stoned_glass,
          uniq_maggie

Skill      XL: |  1  2  3  4  5  6  7  8 |
---------------+-------------------------+-----
Dodging        | 3 4 |  4.7
Unarmed Combat | 4 |  4.5
Fighting       | 3 4 |  4.1
Long Blades    | 1 3 4 |  4.4
Stealth        | 1 |  1.3
Staves         | 1 |  1.5

Action                   |  1- 3 |  4- 6 |  7- 9 || total
-------------------------+-------+-------+-------++-------
Melee: Unarmed           |    52 |       |       ||    52
       Falchion          |    13 |    94 |    16 ||   123
       Punch             |     1 |     1 |     1 ||     3
       Quarterstaff      |       |       |    47 ||    47
Invok: Trog's Hand       |       |     4 |     4 ||     8
       Berserk           |       |     3 |     3 ||     6
  Use: Scroll            |     7 |     1 |     6 ||    14
       Potion            |       |     1 |     1 ||     2
Armor: Animal skin       |    23 |       |       ||    23
       Robe              |     4 |    33 |    18 ||    55
       Skin              |       |    58 |       ||    58
Dodge: Dodged            |    34 |    47 |    39 ||   120
       Rpst.: Falchion   |     3 |    11 |     1 ||    15
